 Dungeon Crawl Stone Soup version 0.20.1-1-g8b1a95d (webtiles) character file.

377109 JeffiDaFish the Peltast (level 22, -9/132 HPs)
             Began as a Gargoyle Fighter on Oct 2, 2017.
             Was the Champion of Okawaru.
             Killed by divine providence
             ... invoked by a sphinx
              (11 damage)
             ... on level 5 of the Vaults on Oct 4, 2017.
             The game lasted 02:08:26 (43519 turns).

JeffiDaFish the Peltast (Gargoyle Fighter)         Turns: 43519, Time: 02:08:27

Health: -9/132     AC: 63    Str: 34    XL:     22   Next: 80%
Magic:  28/30      EV: 16    Int:  9    God:    Okawaru [******]
Gold:   3008       SH: 19    Dex: 27    Spells: 21/21 levels left

rFire    + + .     SeeInvis .   K - +6 morningstar of Zeloilatz {venom, rPois rF+ Dex+2 Stlth+}
rCold    . . .     Gourm    +   E - +0 shield of the Volcano {Str+4}
rNeg     + . .     Faith    .   k - +6 crystal plate armour "Feddom" {rElec Regen+ Dex+4}
rPois    ∞         Spirit   .   o - +2 helmet
rElec    +         Reflect  .   I - +2 cloak {rF+}
rCorr    .         Harm     .   F - +2 pair of gloves
MR       +....                  d - +2 pair of boots {run}
Stlth    ..........             p - amulet of the Four Spreadsheets {Gourm rElec rC- Dex+5 Slay+6}
Regen    0.8/turn               A - +4 ring of strength
MPRegen  0.3/turn               J - ring "Nedovil" {rPois rC+ Str+3 Int-2}

@: about to teleport, finesse, very slightly contaminated, slowed, very slow
A: big wings, thin skeletal structure 1, clumsy 1, frail 1, negative energy
resistance 1, screaming 1, electricity resistance, strong 1, wild magic 1,
unbreathing, petrification resistance, rot immunity, AC +16
}: 2/15 runes: serpentine, barnacled
a: Fly, Heroism, Finesse, Renounce Religion


You were on level 5 of the Vaults.
You worshipped Okawaru.
Okawaru was exalted by your worship.
You were completely stuffed.

You visited 7 branches of the dungeon, and saw 37 of its levels.
You also visited: Labyrinth, Sewer, Ossuary and Volcano.

You collected 4237 gold pieces.
You spent 1229 gold pieces at shops.

Inventory:

Hand Weapons
 t - the +8 mace of Orb {drain, rElec Str+5}
   (Okawaru gifted it to you on level 2 of the Lair of Beasts)

   A truly terrible weapon, it drains the life of those it strikes.
   It affects your strength (+5).
   It insulates you from electricity.
 K - the +6 morningstar of Zeloilatz (weapon) {venom, rPois rF+ Dex+2 Stlth+}
   (Okawaru gifted it to you on level 2 of the Snake Pit)

   It poisons the flesh of those it strikes.
   It affects your dexterity (+2).
   It protects you from fire.
   It protects you from poison.
   It makes you more stealthy.
 P - a +7 vampiric morningstar
Armour
 c - a scarf of resistance
 d - a +2 pair of boots of running (worn)
 k - the +6 crystal plate armour "Feddom" (worn) {rElec Regen+ Dex+4}
   (Okawaru gifted it to you on level 4 of the Shoals)

   It affects your dexterity (+4).
   It insulates you from electricity.
   It increases your rate of regeneration.
 o - a +2 helmet (worn)
 E - the +0 shield of the Volcano (worn) {Str+4}
   (You found it in a labyrinth)

   It affects your strength (+4).
 F - a +2 pair of gloves (worn)
 I - a +2 cloak of fire resistance (worn)
Jewellery
 p - the amulet of the Four Spreadsheets (around neck) {Gourm rElec rC- Dex+5 Slay+6}
   (You found it on level 6 of the Lair of Beasts)

   [amulet of the gourmand]

   It allows you to eat raw meat even when not hungry.
   It affects your dexterity (+5).
   It affects your accuracy and damage with ranged weapons and melee attacks
   (+6).
   It makes you vulnerable to cold.
   It insulates you from electricity.
 r - an uncursed ring of see invisible
 A - a +4 ring of strength (left hand)
 J - the ring "Nedovil" (right hand) {rPois rC+ Str+3 Int-2}
   (You bought it in a shop on level 2 of the Orcish Mines)

   [ring of strength]

   It affects your strength (+3).
   It affects your intelligence (-2).
   It protects you from cold.
   It protects you from poison.
Wands
 i - a wand of clouds (8/9)
Scrolls
 e - 2 scrolls of recharging
 j - 25 scrolls of remove curse
 l - 18 scrolls of teleportation
 q - 7 scrolls of identify
 u - 4 scrolls of fear
 y - 4 scrolls of fog
 C - 2 scrolls of holy word
 L - 2 scrolls of magic mapping
Potions
 a - 4 potions of cancellation
 g - 4 potions of berserk rage
 n - 6 potions of brilliance
 s - 2 potions of might
 x - 3 potions of curing
 z - 5 potions of agility
 D - 2 potions of ambrosia
 H - 3 potions of resistance
 N - 4 potions of haste
 O - 2 potions of heal wounds
Books
 B - a Young Poisoner's Handbook

   Spells                             Type                      Level
   a - Sting                          Conjuration/Poison           1
   b - Poisonous Vapours              Poison/Air                   2
   c - Mephitic Cloud                 Conjuration/Poison/Air       3
   d - Olgreb's Toxic Radiance        Poison                       4
   e - Venom Bolt                     Conjuration/Poison           5
Comestibles
 b - 18 meat rations
 f - 20 bread rations
 h - 22 royal jellies
 m - 23 fruits
 w - 4 chunks of flesh


   Skills:
 * Level 18.0 Fighting
 * Level 18.5 Maces & Flails
 * Level 17.8 Armour
 + Level 10.2 Dodging
 - Level 1.0 Stealth
 * Level 20.4 Shields
 + Level 11.4 Invocations


You had 21 spell levels left.
You didn't know any spells.

Dungeon Overview and Level Annotations

Branches:
Dungeon (15/15)            Temple (1/1) D:7            Lair (6/6) D:11
 Shoals (4/4) Lair:2        Snake (4/4) Lair:3        Slime (0/5) Lair:6
    Orc (2/2) D:11            Elf (0/3) Orc:2        Vaults (5/5) D:14
  Crypt (0/3) Vaults:2     Depths (0/5) D:15

Altars:
Ashenzari
Fedhas
Gozag
Hepliaklqana
Nemelex Xobeh
Okawaru
Qazlal
Trog
Uskayaw
Vehumet
Yredelemnul
The Shining One

Shops:
D:12 :   Orc:2 }=?=   Shoals:2 %**   Shoals:3 =   Vaults:1 ==


Innate Abilities, Weirdness & Mutations

You are resistant to torment.
Your stone body is resilient. (AC +16)
You are immune to poison.
Your large and strong wings let you fly indefinitely.
You resist negative energy. (rN+)
You are resistant to electric shocks. (rElec)
You can survive without breathing.
You are immune to petrification.
You are immune to rotting.
You have a somewhat thin skeletal structure. (Dex +2, Stealth)
You are clumsy. (Dex -2)
You are frail. (-10% HP)
You occasionally shout uncontrollably at your foes.
Your muscles are strong. (Str +2)
Your spells are a little harder to cast, but a little more powerful.


Message History

The titan hits you but does no damage.
You block the phantasmal warrior's attack.
A shadow dragon comes into view.
As you read the scroll of teleportation, it crumbles to dust.
You feel strangely unstable.
The runic seal fades away.
The jumping spider leaps!
The Tzitzimitl calls on the powers of darkness!
The orb spider convulses!
The deep elf mage convulses!
The quicksilver dragon convulses!
The vault warden convulses!
The stone giant convulses!
The deep elf knight convulses!
The vault warden convulses!
The tengu reaver convulses!
The titan convulses!
You feel a surge of unholy energy.
The titan waves its arms in wide circles.
The air twists around and strikes you!
The deep elf knight gestures wildly while chanting.
The deep elf knight seems to speed up.
The phantasmal warrior barely misses you.
The sphinx mumbles some strange words.
Something smites you!
You die...

#.. #.. . #.# .#
#.## ..# #..##..
#..D.
.#.##....#WH#
#.#.#....#@#
.#D#.....#C##
.#.#.#....#XQ##
#.#e......(.2p.
##.#...2..DC####
.........s1p....
.....D.p§(§s....
......<..ee.....
......[<<.(.....


You could see a shadow dragon, a tentacled monstrosity, a titan, a Tzitzimitl, a
quicksilver dragon, a sphinx, a stone giant, 2 vault wardens, a tengu reaver, a
balrug, a deep elf archer, a deep elf knight, a phantasmal warrior, an orb
spider shaped shifter, a jumping spider and an antimagic long sword.

Vanquished Creatures
  A golden dragon (Vaults:4)
  Nikola (Shoals:2)
  Jory (Vaults:3)
  A bone dragon (Vaults:2)
  A tentacled monstrosity (Vaults:5)
  Rupert (Lair:4)
  A titan (Vaults:4)
  A sphinx (Vaults:4)
  Agnes (Snake:2)
  4 krakens
  11 nagarajas
  Kirke (Shoals:2)
  Ilsuiw (Shoals:4)
  A fire giant (Vaults:3)
  Roxanne (Shoals:2)
  9 vault wardens
  A deep elf sorcerer (Vaults:3)
  A frost giant (Vaults:4)
  Aizul (Shoals:4)
  Louise (Snake:1)
  5 ironheart preservers
  2 deep elf demonologists
  3 entropy weavers
  8 stone giants
  2 very ugly things
  A deep elf annihilator (Vaults:1)
  A red draconian (Volcano)
  3 deep elf death magi
  An ettin (Vaults:4)
  2 fire dragons
  A crystal guardian (Vaults:4)
  4 merfolk javelineers (Shoals:4)
  A minotaur (Lab)
  13 yaktaur captains
  11 merfolk impalers
  Erolcha (Orc:1)
  A rakshasa (Vaults:3)
  30 vault guards
  2 ice dragons
  A great orb of eyes (Vaults:3)
  4 catoblepae (Lair:6)
  7 naga warriors
  4 merfolk avatars
  5 hydras
  5 merfolk aquamancers
  The ghost of jiveturtle the Grappler, a novice TrMo of Makhleb (D:8)
  9 centaur warriors
  37 two-headed ogres
  A dancing weapon (Vaults:4)
  2 satyrs
  11 anacondas
  2 death knights
  11 ogre magi
  5 death yaks (Lair:6)
  7 shock serpents
  5 orc high priests (Orc:2)
  A queen ant (Lair:3)
  11 naga sharpshooters
  6 deep elf knights
  7 salamander mystics
  6 skeletal warriors
  12 sea snakes
  4 deep trolls
  An unseen horror (shapeshifter) (Vaults:2)
  A shadow wraith (Vaults:3)
  An unseen horror (D:14)
  A kraken simulacrum (Shoals:4)
  10 naga ritualists
  4 wizards
  4 phantasmal warriors
  4 deep elf archers
  A flayed ghost (Vaults:2)
  15 orc knights
  Pikel (D:7)
  A harpy (shapeshifter) (Vaults:1)
  13 ironbrand convokers
  15 deep elf magi
  7 mana vipers
  15 harpies
  24 ugly things
  14 manticores
  17 salamanders
  A wolf spider (Vaults:4)
  4 orc sorcerers
  9 elephants
  10 fauns
  7 cyclopes
  6 merfolk sirens
  36 black mambas
  A water nymph (shapeshifter) (Vaults:4)
  9 guardian serpents
  2 molten gargoyles (Volcano)
  13 vault sentinels
  6 water nymphs
  15 naga magi
  A torpor snail (shapeshifter) (Vaults:3)
  7 spiny frogs
  34 yaktaurs
  5 freezing wraiths
  3 rime drakes
  13 komodo dragons
  A yaktaur (shapeshifter) (Vaults:3)
  3 wind drakes
  A troll (shapeshifter) (Vaults:4)
  A queen bee (shapeshifter) (Vaults:1)
  4 polar bears
  A meliai (shapeshifter) (Vaults:4)
  2 trolls
  The ghost of clownsuit the Poker, an amateur DgTm (D:6)
  6 hornets
  44 merfolk
  A jumping spider (shapeshifter) (Vaults:3)
  The ghost of FlobFlarker the Chopper, an amateur FoFi (Sewer)
  16 blink frogs
  10 snapping turtles
  16 slime creatures
  12 dream sheep
  A hippogriff (shapeshifter) (Vaults:4)
  12 hippogriffs
  Sigmund (D:3)
  A vampire (D:14)
  2 shadows
  45 yaks
  A tarantella (Vaults:1)
  A tarantella (shapeshifter) (Vaults:3)
  7 redbacks
  7 water elementals
  2 wraiths
  5 wyverns
  2 fire bats (Volcano)
  A basilisk (Lair:5)
  2 vampire mosquitoes (D:15)
  A hog (Shoals:2)
  A yaktaur simulacrum (Vaults:2)
  A steam dragon (D:15)
  Edmund (D:5)
  52 nagas
  14 soldier ants
  9 water moccasins
  6 wargs
  5 acid dragons
  20 ice beasts
  4 porcupines
  42 orc warriors
  3 slaves (D:7)
  A hornet zombie (D:11)
  A sky beast (D:7)
  A black bear (D:9)
  A necrophage (D:12)
  An eye of draining (D:12)
  3 phantoms
  6 boggarts
  23 ogres
  13 wolves
  16 crocodiles
  10 centaurs
  An elf zombie (D:8)
  2 big kobolds
  20 bullfrogs
  An earth elemental (Lab)
  5 scorpions
  A wyvern skeleton (D:12)
  13 killer bees
  A spriggan skeleton (Lab)
  2 howler monkeys (D:7)
  7 wights
  9 electric eels
  7 lava snakes (Volcano)
  4 crimson imps
  3 centaur zombies
  5 bullfrog skeletons
  3 bullfrog zombies
  7 jellies
  21 orc wizards
  39 orc priests
  3 centaur skeletons
  7 hounds
  3 iguanas
  Jessica (D:2)
  9 hell rats
  3 human skeletons (D:8)
  39 worker ants
  A killer bee zombie (D:6)
  A big kobold zombie (Ossuary)
  A centaur simulacrum (D:8)
  3 hound skeletons
  3 mummies (Ossuary)
  Robin (D:2)
  3 worker ant zombies
  3 howler monkey skeletons
  14 adders
  8 gnolls
  3 shadow imps
  2 white imps
  5 ufetubi
  10 oozes
  An adder zombie (D:5)
  An adder skeleton (D:8)
  2 dart slugs
  3 worms
  An adder simulacrum (D:8)
  14 leopard geckos
  102 orcs
  2 bats (D:1)
  16 giant cockroaches
  11 hobgoblins
  9 jackals
  8 quokkas
  9 ball pythons
  11 frilled lizards
  A giant cockroach zombie (D:4)
  A gnoll zombie (Ossuary)
  17 goblins
  3 goblin zombies (Ossuary)
  A hobgoblin zombie (Ossuary)
  2 jackal skeletons (D:4)
  18 kobolds
  A kobold zombie (Ossuary)
  2 orc skeletons (D:8)
  2 rats
  2 plants (Shoals:1)
  11 tentacles
1598 creatures vanquished.

Vanquished Creatures (others)
  An ironheart preserver (Vaults:5)
  A hydra (Lair:6)
  A faun (Shoals:2)
  A black mamba (Lair:6)
  A small abomination (Vaults:3)
  4 humans (Shoals:2)
  An orc warrior (Vaults:3)
  A slave (D:7)
  A phantom (D:7)
  A centaur (D:9)
  A kobold (D:8)
  A hobgoblin zombie (Ossuary)
  12 fungi
  24 plants
  31 tentacles
82 creatures vanquished.

Grand Total: 1680 creatures vanquished

Notes
Turn   | Place    | Note
-------+----------+-------------------------------------------
     0 | D:1      | JeffiDaFish the Gargoyle Fighter began the quest for the Orb.
     0 | D:1      | Reached XP level 1. HP: 14/14 MP: 1/1
   306 | D:1      | Reached XP level 2. HP: 18/19 MP: 2/2
   979 | D:2      | Reached XP level 3. HP: 14/23 MP: 3/3
  1282 | D:2      | Found a radiant altar of Vehumet.
  1344 | D:2      | Reached XP level 4. HP: 22/28 MP: 4/4
  1357 | D:2      | Reached skill level 4 in Shields
  1523 | D:2      | Noticed Jessica
  1531 | D:2      | Killed Jessica
  1624 | D:2      | Reached XP level 5. HP: 33/33 MP: 5/5
  1796 | D:2      | Noticed Robin
  1826 | D:2      | Killed Robin
  2465 | D:3      | Noticed Sigmund
  2477 | D:3      | Killed Sigmund
  2477 | D:3      | Reached skill level 5 in Shields
  2477 | D:3      | Reached XP level 6. HP: 24/38 MP: 6/6
  2637 | D:4      | Reached skill level 5 in Maces & Flails
  2637 | D:4      | Reached XP level 7. HP: 39/43 MP: 7/7
  2664 | D:4      | Found an opulent altar of Gozag.
  3124 | D:4      | Found a shattered altar of Ashenzari.
  3198 | D:5      | Entered Level 5 of the Dungeon
  3239 | D:5      | Reached skill level 6 in Shields
  3397 | D:5      | Noticed Edmund
  3438 | D:5      | Killed Edmund
  3438 | D:5      | Reached skill level 1 in Dodging
  3438 | D:5      | Reached XP level 8. HP: 32/48 MP: 8/8
  3714 | D:5      | Reached skill level 5 in Armour
  3992 | D:5      | You fall through a shaft!
  3992 | D:6      | Found a shattered altar of Ashenzari.
  4044 | D:6      | Reached skill level 5 in Fighting
  4124 | D:6      | Noticed clownsuit's ghost (amateur DgTm)
  4166 | D:6      | Killed clownsuit's ghost
  4166 | D:6      | Reached skill level 7 in Shields
  4263 | D:6      | Found a glowing drain.
  4277 | Sewer    | Entered a sewer
  4325 | Sewer    | Noticed FlobFlarker's ghost (amateur FoFi)
  4343 | Sewer    | Killed FlobFlarker's ghost
  4343 | Sewer    | Reached XP level 9. HP: 49/54 MP: 9/9
  4619 | Sewer    | Reached skill level 8 in Shields
  5883 | D:7      | Reached skill level 9 in Shields
  6605 | D:7      | Reached XP level 10. HP: 19/60 MP: 10/10
  7378 | D:7      | Noticed Pikel
  7466 | D:7      | Killed Pikel
  7534 | D:7      | Found a staircase to the Ecumenical Temple.
  7567 | Temple   | Entered the Ecumenical Temple
  7573 | Temple   | Became a worshipper of Warmaster Okawaru
  8045 | D:8      | Reached skill level 10 in Shields
  8207 | D:8      | Noticed jiveturtle's ghost (novice TrMo)
  8629 | D:8      | Found a sand-covered staircase.
  8642 | Ossuary  | Entered an ossuary
  9143 | D:8      | Gained mutation: You have a somewhat thin skeletal structure. (Dex +2, Stealth) [potion of mutation]
  9143 | D:8      | Gained mutation: You occasionally shout uncontrollably at your foes. [potion of mutation]
  9143 | D:8      | Gained mutation: Your muscles are strong. (Str +2) [potion of mutation]
  9143 | D:8      | Gained mutation: Your spells are a little harder to cast, but a little more powerful. [potion of mutation]
  9223 | D:8      | Noticed a two-headed ogre
  9235 | D:8      | Killed a two-headed ogre
  9235 | D:8      | Reached * piety under Okawaru
  9235 | D:8      | Reached skill level 10 in Maces & Flails
  9311 | D:8      | Reached XP level 11. HP: 32/67 MP: 11/11
  9673 | D:8      | Reached skill level 11 in Shields
  9730 | D:8      | Found a sparkling altar of Nemelex Xobeh.
  9916 | D:8      | Killed jiveturtle's ghost
  9916 | D:8      | Reached ** piety under Okawaru
  9985 | D:8      | Found a stormy altar of Qazlal.
 10738 | D:9      | Reached *** piety under Okawaru
 11092 | D:10     | Entered Level 10 of the Dungeon
 11122 | D:10     | Noticed a two-headed ogre
 11150 | D:10     | Killed a two-headed ogre
 11150 | D:10     | Reached **** piety under Okawaru
 11979 | D:11     | Found a labyrinth entrance.
 11979 | D:11     | Noticed a green ugly thing
 11979 | D:11     | Noticed a red ugly thing
 11983 | Lab      | Entered a labyrinth
 12674 | Lab      | Noticed a minotaur
 12697 | Lab      | Killed a minotaur
 12697 | Lab      | Reached skill level 12 in Shields
 12705 | Lab      | Got a crude shield
 12721 | Lab      | Identified the cursed +0 shield of the Volcano {Str+4} (You found it in a labyrinth)
 12732 | D:11     | Noticed a skeletal warrior
 12772 | D:10     | Killed a green ugly thing
 12964 | D:10     | Killed a red ugly thing
 12986 | D:10     | Reached ***** piety under Okawaru
 13129 | D:11     | Noticed a death knight
 13224 | D:10     | Killed a death knight
 13224 | D:10     | Reached XP level 12. HP: 26/73 MP: 12/12
 13685 | D:11     | Found a bloodstained altar of Trog.
 13728 | D:11     | Reached skill level 13 in Shields
 13733 | D:11     | Received a gift from Okawaru
 13774 | D:11     | Found a staircase to the Orcish Mines.
 14047 | D:11     | Found a staircase to the Lair.
 14185 | D:11     | Noticed a two-headed ogre
 14205 | D:11     | Killed a two-headed ogre
 14317 | D:11     | Noticed a two-headed ogre
 14337 | D:11     | Killed a two-headed ogre
 14482 | D:11     | Noticed a two-headed ogre
 14490 | D:11     | Killed a two-headed ogre
 14674 | Lair:1   | Entered Level 1 of the Lair of Beasts
 14856 | Lair:1   | Received a gift from Okawaru
 14875 | Lair:1   | Reached skill level 14 in Shields
 15830 | Lair:2   | Reached XP level 13. HP: 80/80 MP: 13/13
 16408 | Lair:2   | Received a gift from Okawaru
 16411 | Lair:2   | Got a crystal mace {god gift}
 16412 | Lair:2   | Identified the +8 mace of Orb {drain, rElec Str+5} (Okawaru gifted it to you on level 2 of the Lair of Beasts)
 16634 | Lair:2   | Found a staircase to the Shoals.
 16838 | Lair:2   | Reached skill level 1 in Stealth
 16936 | Lair:3   | Found a staircase to the Snake Pit.
 17057 | Lair:3   | Reached skill level 1 in Invocations
 17087 | Lair:3   | Reached skill level 10 in Fighting
 17107 | Lair:3   | Reached skill level 15 in Shields
 17352 | Lair:3   | Received a gift from Okawaru
 18029 | Lair:4   | Reached skill level 10 in Armour
 18246 | Lair:4   | Reached ****** piety under Okawaru
 18380 | Lair:4   | Received a gift from Okawaru
 18777 | Lair:4   | Noticed Rupert
 18800 | Lair:4   | Killed Rupert
 18800 | Lair:4   | Gained mutation: Your large and strong wings let you fly indefinitely. [Gargoyle growth]
 18800 | Lair:4   | Reached XP level 14. HP: 88/88 MP: 14/16
 18946 | Lair:5   | Found a bloodstained altar of Trog.
 19631 | Lair:6   | Entered Level 6 of the Lair of Beasts
 19908 | Lair:5   | You are sucked into a shaft!
 20025 | Lair:6   | Found a staircase to the Slime Pits.
 20073 | Lair:6   | Received a gift from Okawaru
 20735 | Lair:6   | Got a wavering tin amulet
 20736 | Lair:6   | Identified the amulet of the Four Spreadsheets {Gourm rElec rC- Dex+5 Slay+6} (You found it on level 6 of the Lair of Beasts)
 21273 | D:12     | Reached skill level 16 in Shields
 21651 | D:12     | Found Guemp's Book Emporium.
 21688 | D:12     | Received a gift from Okawaru
 21688 | D:12     | Reached XP level 15. HP: 94/96 MP: 18/18
 21984 | D:12     | Identified the cursed +2 whip "Ofaurchu" {speed, rElec Int+3} (You found it on level 12 of the Dungeon)
 23456 | D:14     | Reached skill level 5 in Invocations
 23616 | D:14     | Received a gift from Okawaru
 23726 | D:14     | Found a gate to the Vaults.
 24016 | D:15     | Entered Level 15 of the Dungeon
 24363 | D:15     | Identified the Incunabulum of Scorching Protection
 24464 | D:15     | Found a blossoming altar of Fedhas.
 24588 | D:15     | Found a staircase to the Depths.
 25000 | Orc:1    | Entered Level 1 of the Orcish Mines
 25008 | Orc:1    | Found a dark tunnel.
 25018 | Volcano  | Entered a volcano
 25295 | Volcano  | Found a burning altar of Makhleb.
 25312 | Volcano  | Reached skill level 5 in Dodging
 25446 | Volcano  | Reached XP level 16. HP: 103/103 MP: 20/20
 25816 | Orc:1    | Noticed Erolcha
 25823 | Orc:1    | Killed Erolcha
 25857 | Orc:2    | Entered Level 2 of the Orcish Mines
 26205 | Orc:2    | Found a staircase to the Elven Halls.
 26970 | Orc:2    | Gained mutation: You are frail. (-10% HP) [a neqoxec]
 26976 | Orc:2    | Received a gift from Okawaru
 26979 | Orc:2    | Gained mutation: You are clumsy. (Dex -2) [a neqoxec]
 27143 | Orc:2    | Received a gift from Okawaru
 27275 | Orc:2    | Found Sagovyu's Jewellery Shop.
 27275 | Orc:2    | Found Ecowyts's Gadget Shop.
 27276 | Orc:2    | Found Goirch's Magic Scroll Shop.
 27276 | Orc:2    | Found Inoihuaguh's Jewellery Boutique.
 27466 | Orc:2    | Bought the ring "Nedovil" {rPois rC+ Str+3 Int-2} for 475 gold pieces
 27471 | Orc:2    | Bought a scroll of teleportation for 39 gold pieces
 27471 | Orc:2    | Bought a scroll of teleportation for 39 gold pieces
 27471 | Orc:2    | Bought a scroll of identify for 26 gold pieces
 27471 | Orc:2    | Bought a scroll of identify for 26 gold pieces
 27639 | Snake:1  | Entered Level 1 of the Snake Pit
 27683 | Snake:1  | Noticed Agnes
 27830 | Snake:1  | Noticed Louise
 27859 | Snake:1  | Killed Louise
 27859 | Snake:1  | Reached skill level 17 in Shields
 28338 | Snake:2  | Killed Agnes
 28427 | Snake:2  | Received a gift from Okawaru
 28430 | Snake:2  | Identified the +6 morningstar of Zeloilatz {venom, rPois rF+ Dex+2 Stlth+} (Okawaru gifted it to you on level 2 of the Snake Pit)
 28452 | Snake:2  | Reached skill level 15 in Maces & Flails
 28633 | Snake:2  | Noticed a nagaraja
 28643 | Snake:2  | Killed a nagaraja
 29654 | Snake:3  | Reached XP level 17. HP: 83/99 MP: 22/22
 29883 | Snake:3  | Received a gift from Okawaru
 30049 | Snake:4  | Entered Level 4 of the Snake Pit
 30116 | Snake:4  | Found a basalt altar of Yredelemnul.
 30962 | Snake:4  | Received a gift from Okawaru
 31161 | Snake:4  | Reached skill level 18 in Shields
 31400 | Snake:4  | Got a serpentine rune of Zot
 31631 | Snake:4  | Received a gift from Okawaru
 31639 | Snake:4  | Identified a +1 pair of boots of running (Okawaru gifted it to you on level 4 of the Snake Pit)
 31699 | Snake:4  | Reached XP level 18. HP: 105/105 MP: 23/23
 32739 | Shoals:1 | Entered Level 1 of the Shoals
 33340 | Shoals:1 | Reached skill level 15 in Fighting
 34021 | Shoals:2 | Noticed Kirke
 34038 | Shoals:2 | Killed Kirke
 34071 | Shoals:2 | Found Pagoib's General Store.
 34091 | Shoals:2 | Noticed Roxanne
 34101 | Shoals:2 | Found Maotzu's Food Boutique.
 34136 | Shoals:2 | Killed Roxanne
 34136 | Shoals:2 | Received a gift from Okawaru
 34140 | Shoals:2 | Reached skill level 15 in Armour
 34146 | Shoals:2 | Identified Roxanne's Catalogue of Stones (You took it off Roxanne on level 2 of the Shoals)
 34267 | Shoals:2 | Found Xiempov's General Store.
 34351 | Shoals:2 | Noticed Nikola
 34375 | Shoals:2 | Killed Nikola
 34467 | Shoals:2 | Bought a +5 vampiric morningstar for 624 gold pieces
 35710 | Shoals:3 | Found Piumn's Jewellery Emporium.
 36015 | Shoals:4 | Entered Level 4 of the Shoals
 36086 | Shoals:4 | Reached XP level 19. HP: 111/111 MP: 25/25
 36091 | Shoals:4 | Got a vibrating copper ring
 36094 | Shoals:4 | Identified the ring of Kuecekyt {rCorr rElec rF- Str+3 Stlth+} (You found it on level 4 of the Shoals)
 36117 | Shoals:4 | Reached XP level 20. HP: 117/117 MP: 26/26
 36131 | Shoals:4 | Received a gift from Okawaru
 36134 | Shoals:4 | Identified the +6 crystal plate armour "Feddom" {rElec Regen+ Dex+4} (Okawaru gifted it to you on level 4 of the Shoals)
 36151 | Shoals:4 | Noticed Ilsuiw
 36173 | Shoals:4 | Noticed Aizul
 36356 | Shoals:4 | Killed Aizul
 36424 | Shoals:4 | Killed Ilsuiw
 36997 | Shoals:4 | Got a barnacled rune of Zot
 37493 | Shoals:4 | Reached skill level 19 in Shields
 37720 | Vaults:1 | Entered Level 1 of the Vaults
 37922 | Vaults:1 | Received a gift from Okawaru
 38028 | Vaults:1 | Found Sishrob's Jewellery Boutique.
 38115 | Vaults:1 | Found Qihuix's Jewellery Shoppe.
 38529 | Vaults:1 | Reached skill level 10 in Invocations
 38955 | Vaults:1 | Reached XP level 21. HP: 123/123 MP: 28/28
 39992 | Vaults:2 | Received a gift from Okawaru
 40067 | Vaults:2 | Noticed a bone dragon
 40086 | Vaults:2 | Killed a bone dragon
 40103 | Vaults:2 | Found a staircase to the Crypt.
 41574 | Vaults:3 | Noticed Jory
 41605 | Vaults:3 | Killed Jory
 41947 | Vaults:4 | Received a gift from Okawaru
 41992 | Vaults:4 | Paralysed by an ogre mage for 4 turns
 42001 | Vaults:4 | Reached skill level 20 in Shields
 42169 | Vaults:4 | Reached XP level 22. HP: 130/130 MP: 30/30
 42327 | Vaults:4 | Received a gift from Okawaru
 42887 | Vaults:4 | Reached skill level 10 in Dodging
 43023 | Vaults:5 | Entered Level 5 of the Vaults
 43289 | Vaults:5 | Noticed a golden dragon
 43377 | Vaults:5 | Noticed an ancient lich
 43392 | Vaults:4 | Killed a golden dragon
 43517 | Vaults:5 | HP: 6/132 [sphinx/divine providence (11)]
 43518 | Vaults:5 | HP: 1/132 [sphinx/divine providence (12)]
 43519 | Vaults:5 | Killed from afar by a sphinx

Skill      XL: |  1  2  3  4  5  6  7  8  9 10 11 12 13 14 15 16 17 18 19 20 21 22 |
---------------+-------------------------------------------------------------------+-----
Maces & Flails | 3 4 5 6 7 8 10 11 12 13 14 15 16 17 18 | 18.5
Shields        | 4 5 6 7 9 10 12 14 15 16 17 18 19 20 | 20.4
Armour         | 4 5 6 7 8 9 10 11 12 13 14 15 16 17 | 17.8
Fighting       | 4 5 6 7 8 9 10 11 12 13 14 15 16 17 18 | 18.0
Dodging        | 1 2 3 5 6 8 9 10 | 10.2
Stealth        | 1 |  1.0
Invocations    | 2 4 5 6 7 8 10 11 | 11.4

Action                   |  1- 3 |  4- 6 |  7- 9 | 10-12 | 13-15 | 16-18 | 19-21 | 22-24 || total
-------------------------+-------+-------+-------+-------+-------+-------+-------+-------++-------
Melee: Flail             |   124 |   212 |   664 |   128 |       |       |       |       ||  1128
       Whip              |       |       |       |  1716 |   123 |       |       |       ||  1839
       Mace              |       |       |       |       |  1265 |   379 |       |       ||  1644
       Morningstar       |       |       |       |       |       |  1228 |  1361 |   445 ||  3034
Invok: Finesse           |       |       |       |       |     4 |     8 |     5 |     5 ||    22
       Heroism           |       |       |       |       |       |     1 |       |       ||     1
 Abil: Fly               |       |       |       |       |     1 |       |       |       ||     1
       Stop Flying       |       |       |       |       |       |       |       |     1 ||     1
Evoke: Wand              |       |       |       |       |       |     1 |       |       ||     1
  Use: Scroll            |     5 |     8 |     1 |    16 |    10 |    15 |    12 |     4 ||    71
       Potion            |     1 |     4 |     8 |     5 |     4 |     6 |       |     1 ||    29
 Stab: Confused          |       |       |       |       |       |     3 |       |       ||     3
       Distracted        |       |       |       |       |       |     1 |       |       ||     1
  Eat: Chunk             |     1 |     5 |    15 |    22 |    55 |    35 |    20 |     4 ||   157
       Royal jelly       |       |       |       |     4 |       |       |       |       ||     4
Armor: Scale mail        |     9 |       |       |       |       |       |       |       ||     9
       Chain mail        |    69 |    83 |       |       |       |       |       |       ||   152
       Plate armour      |       |    37 |   317 |   484 |   508 |   696 |    12 |       ||  2054
       Crystal plate arm |       |       |       |       |       |       |   460 |   243 ||   703
       Skin              |       |       |       |       |       |       |     7 |       ||     7
Dodge: Dodged            |    25 |    36 |    94 |   223 |   356 |   522 |   402 |   162 ||  1820
Block: Shield            |    90 |   176 |   531 |  1006 |   993 |  1363 |   931 |   386 ||  5476
       Reflection        |       |     3 |     6 |    11 |       |       |       |       ||    20
